 Dungeon Crawl Stone Soup version 0.30.1-11-g7821555f0a (webtiles) character file.

Game seed: 1560482938994352201

703520 Ivernyr the Chief of Staff (level 27, -4/247 HPs)
             Began as a Formicid Fighter on Dec 3, 2023.
             Was the Champion of Wu Jian.
             Slain by Antaeus
             ... wielding a +6 triple sword of electrocution
              (22 damage)
             ... on level 7 of Cocytus on Dec 4, 2023.
             The game lasted 04:06:01 (66683 turns).

Ivernyr the Chief of Staff (Formicid Fighter)      Turns: 66683, Time: 04:06:02

Health: -4/247     AC: 46    Str: 40      XL:     27
Magic:  23/23      EV: 18    Int: 11 (12) God:    Wu Jian [******]
Gold:   4643       SH: 32    Dex: 16      Spells: 26/26 levels left

rFire   + + .        U - +9 lajatang "Qethrungo" {speed, Will- Str+6}
rCold   + + +        p - +2 tower shield {rC+}
rNeg    + + +        C - +11 gold dragon scales
rPois   +            (helmet unavailable)
rElec   +            a - +1 cloak {rCorr}
rCorr   +            W - +1 pair of gloves "Lerekhyck" {rN+ rCorr Str+3}
SInv    +            n - +2 pair of boots {Fly}
Will    +++..        h - amulet of the Snail {Reflect Harm rElec SH+5 Stlth+} Stlth
                     J - ring of Uciggaof {+Blink rPois rN+ Will+ SInv}
HPRegen 0.61/turn    x - ring "Araxupix" {rN+ rCorr Dex+3 Slay+2}
MPRegen 0.18/turn

%: harm (+30% outgoing, +20% incoming), reflection
@: silenced, flying, studying 5 skills, unable to read, unable to drink
A: permanent stasis, dig shafts and tunnels, antennae 3, four strong arms, cold
resistance 1, deterioration 1, fire resistance 1, strong-willed 1, inability to
read after injury 1
}: 5/15 runes: decaying, serpentine, slimy, silver, abyssal
a: Dig, Shaft Self, Renounce Religion, Wall Jump


You were on level 7 of Cocytus.
You worshipped Wu Jian.
Wu Jian was exalted by your worship.
You visited 14 branches of the dungeon, and saw 62 of its levels.
You visited the Abyss 5 times.
You also visited: Trove, Gauntlet and Ice Cave.

You collected 7330 gold pieces.
You spent 2687 gold pieces at shops.

Inventory:

Hand Weapons
 U - the +9 lajatang "Qethrungo" (weapon) {speed, Will- Str+6}
   (You took it off a deep elf pyromancer on level 3 of the Elven Halls)

   Str:       It affects your strength (+6).
   Will:      It decreases your willpower.
Missiles
 j - a throwing net
Armour
 a - a +1 cloak of preservation (worn)
 n - a +2 pair of boots of flying (worn)
 p - a +2 tower shield of cold resistance (worn)
 v - the +0 pair of boots of Filth {rElec rC+ Regen+}
   (You found it in a Gauntlet)

   rC:        It protects you from cold.
   rElec:     It insulates you from electricity.
   Regen:     It increases your rate of health regeneration.
 C - +11 gold dragon scales (worn)
 M - a +0 cloak of cold resistance
 W - the +1 pair of gloves "Lerekhyck" (worn) {rN+ rCorr Str+3}
   (You found it in a treasure trove)

   Str:       It affects your strength (+3).
   rN:        It protects you from negative energy.
   rCorr:     It protects you from acid and corrosion.
Jewellery
 g - a ring of protection from fire
 h - the amulet of the Snail (around neck) {Reflect Harm rElec SH+5 Stlth+}
   (You found it in a Gauntlet)

   [amulet of reflection]

   It reflects blocked missile attacks.
   rElec:     It insulates you from electricity.
   SH:        It affects your SH (+5).
   Harm:      It increases damage dealt and taken.
   Stlth:     It makes you more stealthy.
 l - the amulet "Xabouh" {RegenMP rC+}
   (You found it on level 5 of the Pits of Slime)

   [amulet of magic regeneration]

   It increases your rate of magic regeneration.
   rC:        It protects you from cold.
 x - the ring "Araxupix" (right hand) {rN+ rCorr Dex+3 Slay+2}
   (You found it on level 5 of the Vaults)

   [ring of positive energy]

   Dex:       It affects your dexterity (+3).
   Slay:      It affects your accuracy & damage with ranged weapons and melee
   (+2).
   rN:        It protects you from negative energy.
   rCorr:     It protects you from acid and corrosion.
 A - a ring of positive energy
 E - a ring of positive energy
 I - the amulet of Kil Asad {Harm Regen+ rCorr Dex-4}
   (You found it on level 5 of the Pits of Slime)

   [amulet of regeneration]

   Dex:       It affects your dexterity (-4).
   Regen:     It increases your rate of health regeneration.
   rCorr:     It protects you from acid and corrosion.
   Harm:      It increases damage dealt and taken.
 J - the ring of Uciggaof (left hand) {+Blink rPois rN+ Will+ SInv}
   (You found it on level 3 of the Lair of Beasts)

   [ring of willpower]

   rPois:     It protects you from poison.
   rN:        It protects you from negative energy.
   SInv:      It lets you see invisible.
   +Blink:    It lets you blink.
   Will:      It increases your willpower.
 K - a ring of protection from cold
 N - a ring of protection from cold
 Q - the ring of Departure {rF+ Will+}
   (You took it off a deep elf demonologist on level 3 of the Elven Halls)

   [ring of willpower]

   rF:        It protects you from fire.
   Will:      It increases your willpower.
 Y - the amulet of Gozag's Generosity {Acrobat *Slow rC+ Will+ rCorr Int+2}
   (You found it in a treasure trove)

   [amulet of the acrobat]

   It increases your evasion while moving and waiting.
   Int:       It affects your intelligence (+2).
   rC:        It protects you from cold.
   rCorr:     It protects you from acid and corrosion.
   *Slow:     It may slow you when you take damage.
   Will:      It increases your willpower.
Wands
 c - a wand of flame (33)
 B - a wand of acid (14)
 H - a wand of polymorph (7)
 P - a wand of mindburst (3)
 R - a wand of paralysis (15)
 S - a wand of roots (12)
Scrolls
 b - 28 scrolls of identify
 e - 3 scrolls of poison
 f - 3 scrolls of butterflies
 i - 5 scrolls of amnesia
 k - a scroll of brand weapon
 q - 8 scrolls of enchant weapon
 u - 9 scrolls of fog
 y - 6 scrolls of silence
 D - 12 scrolls of fear
 Z - 8 scrolls of magic mapping
Potions
 d - 11 potions of brilliance
 m - 6 potions of magic
 o - 5 potions of flight
 r - 9 potions of mutation
 s - 2 potions of heal wounds
 t - 4 potions of resistance
 z - 6 potions of curing
 F - 5 potions of ambrosia
 G - 12 potions of might
 L - 4 potions of invisibility
 V - 5 potions of cancellation


   Skills:
 + Level 26.6 Fighting
 - Level 3.4(18.3) Polearms
 O Level 27 Staves
 + Level 24.5 Armour
 * Level 19.1 Dodging
 + Level 17.4 Stealth
 O Level 27 Shields
 - Level 10.4 Evocations


You had 26 spell levels left.
You didn't know any spells.
Your spell library contained the following spells:

 Spells                   Type           Power      Damage    Failure   Level
 Kiss of Death            Conj/Necr      0%         2d5       83%         1
 Sandblast                Erth           0%         2d4       83%         1
 Shock                    Conj/Air       0%         1d3       83%         1
 Summon Small Mammal      Summ           0%         N/A       83%         1
 Cigotuvi's Dreadful Rot  Necr/Pois/Air  0%         N/A       92%         2
 Ensorcelled Hibernation  Hex/Ice        0%         N/A       92%         2
 Lesser Beckoning         Tloc           0%         N/A       92%         2
 Passwall                 Tmut/Erth      0%         N/A       92%         2
 Poisonous Vapours        Pois/Air       0%         N/A       92%         2
 Scorch                   Fire           0%         2d5       92%         2
 Searing Ray              Conj           0%         2d4       92%         2
 Static Discharge         Conj/Air       0%         2-2/arc   92%         2
 Sublimation of Blood     Necr           0%         N/A       92%         2
 Wereblood                Tmut           0%         N/A       92%         2
 Call Canine Familiar     Summ           0%         N/A       99%         3
 Confusing Touch          Hex            0%         N/A       99%         3
 Dazzling Flash           Conj/Hex       0%         N/A       99%         3
 Gell's Gravitas          Tloc           0%         N/A       99%         3
 Ignite Poison            Fire/Tmut/Pois 0%         N/A       99%         3
 Inner Flame              Hex/Fire       0%         N/A       99%         3
 Mephitic Cloud           Conj/Pois/Air  0%         N/A       99%         3
 Portal Projectile        Hex/Tloc       0%         N/A       99%         3
 Stone Arrow              Conj/Erth      0%         3d7       99%         3
 Summon Guardian Golem    Hex/Summ       0%         N/A       99%         3
 Tukima's Dance           Hex            0%         N/A       99%         3
 Volatile Blastmotes      Fire/Tloc      0%         2d10      99%         3
 Airstrike                Air            0%         2d(0-16)  100%        4
 Animate Armour           Summ/Erth      0%         N/A       100%        4
 Animate Dead             Necr           0%         N/A       100%        4
 Dispel Undead            Necr           0%         3d6       100%        4
 Flame Wave               Conj/Fire      0%         2d4       100%        4
 Fulminant Prism          Conj/Hex       0%         3d5       100%        4
 Iskenderun's Mystic Bla  Conj/Tloc      0%         2d3       100%        4
 Leda's Liquefaction      Hex/Erth       0%         N/A       100%        4
 Manifold Assault         Tloc           0%         N/A       100%        4
 Passage of Golubria      Tloc           0%         N/A       100%        4
 Petrify                  Tmut/Erth      0%         N/A       100%        4
 Sticky Flame             Conj/Fire      0%         2d3       100%        4
 Summon Ice Beast         Ice/Summ       0%         N/A       100%        4
 Summon Lightning Spire   Summ/Air       0%         N/A       100%        4
 Agony                    Necr           0%         N/A       100%        5
 Arcjolt                  Conj/Air       0%         1d10      100%        5
 Blade Hands              Tmut           0%         N/A       100%        5
 Borgnjor's Vile Clutch   Necr/Erth      0%         N/A       100%        5
 Fireball                 Conj/Fire      0%         3d3       100%        5
 Freezing Cloud           Conj/Ice/Air   0%         6-21      100%        5
 Iskenderun's Battlesphe  Conj           0%         2d6       100%        5
 Lee's Rapid Deconstruct  Erth           0%         3d4*      100%        5
 Metabolic Englaciation   Hex/Ice        0%         N/A       100%        5
 Silence                  Hex/Air        0%         N/A       100%        5
 Summon Forest            Summ/Tloc      0%         N/A       100%        5
 Summon Mana Viper        Hex/Summ       0%         N/A       100%        5
 Yara's Violent Unravell  Hex/Tmut       0%         3d3       100%        5
 Death Channel            Necr           0%         N/A       100%        6
 Dispersal                Tloc           0%         N/A       100%        6
 Iron Shot                Conj/Erth      0%         9d1       100%        6
 Plasma Beam              Fire/Air       0%         2x1d11    100%        6
 Starburst                Conj/Fire      0%         6d3       100%        6
 Statue Form              Tmut/Erth      0%         N/A       100%        6
 Summon Cactus Giant      Summ           0%         N/A       100%        6
 Dragon Form              Tmut           0%         N/A       100%        7
 Enfeeble                 Hex            0%         N/A       100%        7
 Haunt                    Necr/Summ      0%         N/A       100%        7
 Monstrous Menagerie      Summ           0%         N/A       100%        7
 Spellforged Servitor     Conj/Summ      0%         N/A       100%        7
 Storm Form               Tmut/Air       0%         N/A       100%        7
 Summon Hydra             Summ           0%         N/A       100%        7
 Disjunction              Tloc           0%         N/A       100%        8
 Ignition                 Fire           0%         3d3       100%        8
 Infestation              Necr           0%         N/A       100%        8
 Lehudib's Crystal Spear  Conj/Erth      0%         10d2      100%        8
 Maxwell's Capacitive Co  Air            0%         ∞         100%        8
 Chain Lightning          Conj/Air       0%         N/A       100%        9
 Fire Storm               Conj/Fire      0%         5d1       100%        9
 Shatter                  Erth           0%         3d5*      100%        9
 Blink                    Tloc           Unusable   N/A       N/A         2
 Swiftness                Air            Unusable   N/A       N/A         3
 Vhi's Electric Charge    Tloc/Air       Unusable   N/A       N/A         3

Dungeon Overview and Level Annotations

Branches:
Dungeon (15/15)            Temple (1/1) D:6            Lair (5/5) D:9
  Swamp (4/4) Lair:3        Snake (4/4) Lair:2        Slime (5/5) Lair:5
    Orc (2/2) D:9             Elf (3/3) Orc:2        Vaults (5/5) D:14
  Crypt (3/3) Vaults:2       Tomb (0/3) Crypt:3      Depths (4/4) D:15
   Hell (visited)             Coc (4/7) Hell            Zot (4/5) Depths:4
  IceCv (visited)         Gauntlet (visited)
    Dis: Hell:1         Geh: Hell:1         Tar: Hell:1

Altars:
Ashenzari
Cheibriados
Dithmenos
Elyvilon
Fedhas
Gozag
Hepliaklqana
Kikubaaqudgha
Makhleb
Nemelex Xobeh
Okawaru
Qazlal
Ru
Sif Muna
Trog
Uskayaw
Vehumet
Wu Jian
Xom
Yredelemnul
Zin
The Shining One
Jiyva
Lugonu

Shops:
D:2 [   Orc:2 (([:[[   Snake:1 !?   Snake:3 :*(   Vaults:2 *!(   Vaults:3 [
Vaults:5 *

Portals:
Hell: Depths:1 Depths:2 Depths:3 Depths:4
Abyss: Depths:1 Depths:3
Pandemonium: Depths:2 Depths:3
Ziggurat: Depths:1

Annotations:
D:6 2 runed translucent doors
Lair:1 exclusion: oklob plant
Lair:4 2 transporters
Lair:5 2 transporters, 1111's ghost, journeyman MiBe
Snake:4 2 runed translucent doors, Heuqoc's ghost, adept TeFi
Orc:1 3 runed translucent doors, Panicmode's ghost, journeyman MiFi
Coc:7 Antaeus


Innate Abilities, Weirdness & Mutations

You cannot be hasted, slowed, berserked, paralysed or teleported.
You can dig through walls and to a lower floor.
You have a pair of large antennae on your head. (SInv)
Your four strong arms can wield two-handed weapons with a shield.
Your flesh is cold resistant. (rC+)
Your body sometimes deteriorates upon taking damage.
Your flesh is heat resistant. (rF+)
You are strong-willed. (Will+)
You occasionally lose the ability to read scrolls when taking damage.


Message History

You slash Antaeus!
Antaeus is severely wounded.
Antaeus gestures at you. The icy flash freeze hits you!! You partially resist.
You are encased in ice.
You hit Antaeus but do no damage.
Antaeus is severely wounded.
You slice Antaeus!!
Antaeus is almost dead.
Antaeus hits you with a +6 triple sword of electrocution!!!
You feel threatened and lose the ability to read scrolls!
* * * LOW HITPOINT WARNING * * *
Antaeus freezes you. You resist.
* * * LOW HITPOINT WARNING * * *
You block Antaeus's attack.
You open Antaeus like a pillowcase!!!
Antaeus is almost dead.
You hit Antaeus but do no damage.
Antaeus is almost dead.
Antaeus gestures at you. The bolt of lightning hits you! You resist.
* * * LOW HITPOINT WARNING * * *
The bolt of lightning hits you! You resist.
* * * LOW HITPOINT WARNING * * *
You hit Antaeus.
Antaeus is almost dead.
Unknown command.
You hit Antaeus but do no damage.
Antaeus is almost dead.
You block Antaeus's attack. x2
Unknown command.
You slice Antaeus like a ripe choko!!!
Antaeus is almost dead.
The ice encasing you melts away.
Unknown command.
You hit Antaeus.
Antaeus is almost dead.
You block Antaeus's attack.
Antaeus hits you with a +6 triple sword of electrocution!!
You die...

##..≈≈≈.##...≈≈≈≈≈≈#
##..≈≈≈..#..≈≈≈≈≈≈≈#
##..≈≈≈≈.#.≈≈≈≈≈≈≈≈### ###
##..≈≈≈≈.#.≈≈≈≈≈≈≈~'.. '..
##..≈≈≈≈.#.≈≈≈≈≈≈≈~'. '..
##..≈≈≈..#..≈≈≈≈≈≈~# ###
##..≈≈≈.##...≈≈≈≈≈~#
##..≈≈≈.##...≈≈≈≈≈~# ####
##..≈≈≈.##....≈C@≈~## ##≈≈##
##..≈≈≈..##....≈≈≈≈~#####≈≈≈≈####
##...≈≈...##.....≈≈≈~~~~~~≈≈~~~~~
##...≈≈....##......≈≈≈≈≈≈~~~~≈≈≈≈
.##...≈≈....##..........≈≈~~≈≈...
..##...≈≈....##...⌠..............
...##...≈≈....##.................
....##...≈≈....##################
#....##...≈≈....#################


You could see Antaeus (unsilenced).

Vanquished Creatures
  the Royal Jelly (Slime:5)
  5 ancient liches
  A dread lich (Abyss:3)
  Mara (Depths:2)
  Vv (Zot:3)
  3 Killer Klowns (Zot:4)
  9 shard shrikes (Coc:7)
  2 curse toes
  Saint Roka (Crypt:3)
  Jory (Vaults:2)
  4 golden dragons
  8 bone dragons
  Geryon (Hell)
  An electric golem (Zot:1)
  7 tentacled monstrosities
  12 Ice Fiends
  Zenata (Vaults:1)
  8 liches
  2 deep elf blademasters (Elf:3)
  Asterion (Elf:3)
  3 quicksilver dragons
  9 titans
  13 acid blobs
  19 tentacled starspawn
  2 deep elf master archers (Elf:3)
  5 ancient champions
  6 sphinxes
  2 Executioners (Abyss:3)
  5 death cobs
  Roxanne (Swamp:3)
  9 azure jellies
  A daeva (Abyss:3)
  Kirke (D:12)
  13 shadow dragons
  14 rockslimes
  4 draconian monks
  11 storm dragons
  6 tengu reavers
  2 thorn hunters (Swamp:4)
  13 fire giants
  8 revenants
  Donald (Elf:3)
  2 draconian knights
  9 narguns
  7 nagarajas (Snake:4)
  Aizul (Elf:3)
  A juggernaut zombie (Abyss:3)
  5 shard shrike simulacra
  13 vault wardens
  10 frost giants
  4 deep elf elementalists (Elf:3)
  2 iron dragons
  6 draconian stormcallers
  3 draconian shifters
  3 draconian scorchers
  13 ghouls
  8 deep elf sorcerers
  A balrug (Abyss:3)
  4 reapers
  2 curse skulls
  29 very ugly things
  5 draconian annihilators
  3 cacodemons
  4 orc warlords
  28 ironbound preservers
  A quicksilver ooze (shapeshifter) (Abyss:3)
  4 spriggan defenders
  9 quicksilver oozes
  16 stone giants
  7 war gargoyles
  A broodmother (shapeshifter) (Vaults:5)
  5 ironbound thunderhulks
  9 vampire knights
  7 black draconians
  6 green draconians
  The ghost of tykejmi the Severer, a journeyman HOFi of Yredelemnul (D:13)
  7 deep elf annihilators (Elf:3)
  8 deep elf demonologists
  4 eleionomae
  Nessos (D:13)
  7 dire elephants
  4 bunyips
  11 elemental wellsprings
  2 yellow draconians
  9 wendigos
  9 red draconians
  4 eidola
  A minotaur (Gauntlet)
  5 purple draconians
  10 white draconians
  A green death (Abyss:3)
  12 deep elf death magi
  11 ettins
  A mummy priest (Crypt:3)
  5 deep elf high priests
  6 blizzard demons
  5 crystal guardians
  14 great orbs of eyes
  A quicksilver dragon zombie (Hell)
  3 shambling mangroves
  11 yaktaur captains
  11 fire dragons
  4 spriggan zombies
  9 jiangshi
  5 salamander tyrants
  18 ice dragons
  38 vault guards
  6 rakshasas
  4 peacekeepers
  4 caustic shrike simulacra
  Harold (D:11)
  7 spriggan air magi
  7 ogre magi
  23 hydras
  8 ironbound frosthearts
  A death knight (D:14)
  4 boulder beetles
  A catoblepas (D:15)
  3 ghost crabs
  12 juggernaut simulacra
  A boulder beetle (shapeshifter) (D:14)
  2 hell beasts
  26 two-headed ogres
  12 anacondas
  A jorogumo (shapeshifter) (Vaults:5)
  29 dancing weapons
  2 spriggan skeletons
  5 alligators
  10 centaur warriors
  3 death yaks (Lair:3)
  5 deep troll shamans
  14 naga sharpshooters
  18 thrashing horrors
  2 hell hogs
  9 tengu warriors
  10 naga warriors
  10 vampire magi
  3 orc high priests
  9 deep troll earth magi
  Urug (Lair:5)
  6 spriggan berserkers
  5 shock serpents
  10 hell knights
  7 sun demons
  14 deep elf knights
  5 salamander mystics
  A skyshark (Lair:5)
  4 soul eaters
  11 iron trolls
  12 skeletal warriors
  A shadow wraith (Crypt:3)
  7 sixfirhies
  8 goliath frogs
  21 wretched stars
  8 quicksilver dragon simulacra
  2 spatial maelstroms (Abyss:3)
  82 deep trolls
  2 spriggan druids
  A shadow demon (Coc:6)
  A swamp dragon (shapeshifter) (Elf:1)
  2 anaconda skeletons
  6 glowing orange brains
  9 flayed ghosts
  7 naga ritualists
  12 deep elf archers
  8 swamp dragons (Swamp:4)
  An orb spider (Abyss:3)
  Pikel (D:5)
  21 phantasmal warriors
  11 lindwurms
  14 bog bodies
  17 ironbound convokers
  A lindwurm (shapeshifter) (D:14)
  A harpy (shapeshifter) (Abyss:3)
  22 deep elf zephyrmancers
  19 orc knights
  4 wizards
  13 necromancers
  10 mana vipers
  An eleionoma zombie (Crypt:2)
  36 deep elf pyromancers
  A shadow dragon skeleton (Crypt:1)
  A shining eye (shapeshifter) (Vaults:5)
  4 cyclopes
  An orc sorcerer (Orc:1)
  21 salamanders
  5 shining eyes
  30 ugly things
  A cyclops (shapeshifter) (Vaults:5)
  22 elephants
  3 will-o-the-wisps
  15 moths of wrath
  42 large abominations
  5 worldbinders (Abyss:3)
  6 manticores
  3 centaur zombies
  Maurice (D:12)
  5 rust devils
  3 apocalypse crabs (Abyss:3)
  15 vault sentinels
  3 eyes of devastation
  A stone giant skeleton (Crypt:3)
  14 smoke demons (Abyss:3)
  33 black mambas
  3 dire elephant zombies
  A gargoyle (D:13)
  15 naga magi
  5 titan simulacra
  A centaur skeleton (Crypt:1)
  2 ice statues
  5 orange demons
  An unseen horror (shapeshifter) (D:14)
  6 guardian serpents
  2 demonic crawlers (Abyss:3)
  Psyche (D:8)
  A red draconian zombie (Crypt:1)
  13 cane toads
  7 rime drakes
  2 kobold demonologists
  7 unseen horrors
  5 hellions
  11 komodo dragons
  7 anaconda simulacra
  4 bunyip simulacra
  2 efreet
  An orb spider zombie (Crypt:2)
  A sea snake zombie (Hell)
  11 freezing wraiths
  30 yaktaurs
  3 tormentors
  6 guardian mummies (Crypt:3)
  2 golden dragon simulacra (Coc:6)
  A harpy zombie (Abyss:3)
  A red devil (Hell)
  8 tengu conjurers
  A catoblepas skeleton (Hell)
  A queen bee (Lair:2)
  5 trolls
  A bloated husk (Swamp:3)
  2 hellwings (Abyss:3)
  15 ancient zymes
  A sea snake skeleton (Hell)
  A hydra zombie (Hell)
  9 polar bears
  29 hornets
  3 hydra skeletons (Hell)
  2 harpy skeletons
  6 tyrant leeches
  An alligator zombie (Hell)
  2 iron dragon simulacra
  27 blink frogs
  A dream sheep (Lair:5)
  2 stone giant simulacra
  114 slime creatures
  19 raiju (Abyss:3)
  2 shadows
  2 vampires
  A jumping spider (shapeshifter) (Vaults:5)
  5 air elementals
  A culicivora (shapeshifter) (Depths:2)
  13 flying skulls
  3 centaur simulacra
  30 small abominations
  A spriggan (shapeshifter) (D:14)
  A satyr skeleton (Crypt:1)
  6 ynoxinuls
  28 spriggans
  22 water elementals
  5 dire elephant simulacra
  8 wraiths
  43 yaks
  5 basilisks
  7 wyverns
  A basilisk (shapeshifter) (Vaults:5)
  8 humans (Zot:4)
  A tyrant leech zombie (Crypt:1)
  An alligator snapping turtle simulacrum (Coc:2)
  3 hogs (D:12)
  12 golden eyes
  11 vampire mosquitoes
  A steam dragon (Lair:3)
  A fire elemental (Elf:2)
  A catoblepas simulacrum (Coc:1)
  8 neqoxecs
  6 wargs
  2 two-headed ogre zombies
  8 chaos spawn (Abyss:3)
  A deep troll zombie (Crypt:2)
  A glowing shapeshifter zombie (Crypt:2)
  16 swamp worms
  A death yak simulacrum (IceCv)
  2 naga zombies
  14 harpy simulacra
  56 nagas
  21 water moccasins
  An entropy weaver zombie (Crypt:1)
  2 spatial vortices (Abyss:3)
  Duvessa (D:4)
  4 hydra simulacra
  2 acid dragons
  2 fire bat skeletons (Crypt:3)
  A floating eye (Depths:2)
  11 swamp drakes
  5 hell hounds (Hell)
  A manticore zombie (Crypt:3)
  32 orc warriors
  A swamp dragon zombie (Crypt:2)
  6 ettin simulacra
  2 ice beasts
  34 ogres
  5 sky beasts
  10 black bears
  24 wolves
  10 boggarts
  66 starcursed masses (Abyss:3)
  A lindwurm skeleton (Crypt:3)
  7 centaurs
  A phantom (D:4)
  An elephant skeleton (Crypt:2)
  12 bullfrogs
  A komodo dragon zombie (Crypt:1)
  A kobold brigand (D:6)
  Blork the orc (D:4)
  2 two-headed ogre simulacra (IceCv)
  3 cane toad simulacra (IceCv)
  3 gnoll sergeants
  7 necrophages
  5 earth elementals
  9 scorpions
  12 wights
  Dowan (D:4)
  35 killer bees
  3 elephant simulacra (IceCv)
  A hornet simulacrum (Gauntlet)
  2 electric eels (Lair:3)
  6 howler monkeys
  A crimson imp (Abyss:3)
  A lava snake (Snake:1)
  3 quasits (Abyss:3)
  3 jellies
  6 gnoll boudas
  4 hounds
  23 orc priests
  Crazy Yiuf (D:5)
  A bullfrog skeleton (Crypt:1)
  2 iguanas (D:6)
  A basilisk skeleton (Crypt:2)
  Natasha (twice) (D:2)
  3 sleepcaps
  15 orc wizards
  11 spriggan simulacra
  5 polar bear simulacra
  A troll simulacrum (IceCv)
  3 yak simulacra (D:15)
  4 wolf simulacra
  A boggart simulacrum (Gauntlet)
  A howler monkey zombie (Crypt:2)
  37 gnolls
  2 river rats (D:4)
  18 adders
  8 naga simulacra
  2 shadow imps
  10 white imps
  16 ufetubi
  An iguana zombie (Crypt:1)
  A worm (D:4)
  2 dart slugs (D:4)
  61 orcs
  7 ball pythons
  10 endoplasms
  10 giant cockroaches
  7 goblins
  7 hobgoblins
  2 jackals (D:1)
  9 kobolds
  2 quokkas
  A ball python zombie (Crypt:1)
  7 bats
  4 frilled lizards
  A gnoll skeleton (Crypt:2)
  A goblin skeleton (Crypt:3)
  A kobold skeleton (Crypt:2)
  2 orc skeletons
  6 rats
  4 river rat simulacra (D:15)
  A foxfire (Swamp:4)
  4 lurking horrors (Abyss:3)
  2 spectral weapons (Elf:3)
  8 starspawn tentacles
3042 creatures vanquished.

Vanquished Creatures (collateral kills)
  A thrashing horror (Abyss:3)
  A large abomination (Abyss:3)
  A spatial maelstrom (Abyss:3)
  A ynoxinul (Abyss:3)
4 creatures vanquished.

Vanquished Creatures (others)
  A nagaraja (Snake:2)
  A fire giant (Vaults:5)
  2 elemental wellsprings
  2 caustic shrike simulacra (Coc:7)
  A juggernaut simulacrum (Coc:7)
  A naga warrior (Snake:4)
  An alligator (Swamp:1)
  A large abomination (Abyss:3)
  2 deep elf pyromancers
  A wizard (Vaults:4)
  A vault sentinel (Vaults:4)
  A titan simulacrum (Coc:7)
  2 bloated husks
  2 harpy simulacra
  An ettin simulacrum (Coc:7)
  An orc priest (Crypt:3)
  An orc wizard (Crypt:3)
  7 foxfires
  2 lurking horrors (Abyss:3)
  47 starspawn tentacles
78 creatures vanquished.

Grand Total: 3124 creatures vanquished

Notes
Turn   | Place    | Note
-------+----------+-------------------------------------------
     0 | D:1      | Ivernyr the Formicid Fighter began the quest for the Orb.
     0 | D:1      | Reached XP level 1. HP: 18/18 MP: 1/1
   114 | D:1      | Reached XP level 2. HP: 24/24 MP: 2/2
   435 | D:1      | Found a faded altar of an unknown god.
   451 | D:1      | Reached XP level 3. HP: 29/29 MP: 3/3
  1217 | D:2      | Reached XP level 4. HP: 37/37 MP: 4/4
  1479 | D:2      | Found Diupp's Antique Armour Shop.
  1488 | D:2      | Bought a kite shield for 112 gold pieces
  1626 | D:2      | Noticed Natasha
  1634 | D:2      | Killed Natasha
  1635 | D:2      | Reached XP level 5. HP: 23/42 MP: 5/5
  1696 | D:2      | Noticed Natasha
  1704 | D:2      | Killed Natasha
  1865 | D:3      | Reached skill level 5 in Shields
  2578 | D:4      | Reached XP level 6. HP: 46/48 MP: 6/6
  2580 | D:4      | Noticed a water moccasin
  2581 | D:4      | Noticed Blork the orc
  2620 | D:3      | Killed a water moccasin
  2789 | D:4      | Killed Blork the orc
  2790 | D:4      | Reached XP level 7. HP: 35/55 MP: 7/7
  2954 | D:4      | Noticed Dowan
  2960 | D:4      | Noticed Duvessa
  2970 | D:4      | Killed Duvessa
  2971 | D:4      | Reached skill level 5 in Staves
  2980 | D:4      | Killed Dowan
  3187 | D:4      | Reached skill level 5 in Fighting
  3187 | D:4      | Reached skill level 5 in Armour
  3346 | D:4      | Reached XP level 8. HP: 24/62 MP: 8/8
  3575 | D:4      | Identified the +2 helmet "Ikleh" {SInv}
  4298 | D:5      | Entered Level 5 of the Dungeon
  4305 | D:5      | Noticed Pikel
  4323 | D:5      | Killed Pikel
  4324 | D:5      | Reached XP level 9. HP: 40/69 MP: 9/9
  4514 | D:5      | You fall into a shaft and drop 2 floors!
  5218 | D:6      | Found a sparkling altar of Nemelex Xobeh.
  6445 | D:5      | Found a runed translucent door.
  6446 | D:5      | Noticed Crazy Yiuf
  6453 | D:5      | Killed Crazy Yiuf
  6509 | D:6      | Found a large runed translucent door.
  6509 | D:6      | Found a large runed translucent door.
  6550 | D:6      | Reached skill level 1 in Polearms
  6636 | D:6      | Found a large runed translucent door.
  6636 | D:6      | Found a large runed translucent door.
  6691 | D:6      | Reached XP level 10. HP: 67/79 MP: 10/10
  6696 | D:6      | Noticed a manticore
  6711 | D:6      | Killed a manticore
  6937 | D:6      | Identified the +1 lajatang "Saum" {speed, rF+ Int+3}
  6960 | D:6      | Identified the staff of earth "Onilops" {Str+2 Int+3 Dex+2}
  7190 | D:6      | Found a staircase to the Ecumenical Temple.
  7197 | Temple   | Entered the Ecumenical Temple
  7383 | Temple   | Became a worshipper of the Wu Jian Council
  7704 | D:6      | Identified the +0 scimitar "Zepsi" {freeze, rPois rC+++
                  | Will+ Str-3}
  8845 | D:8      | Noticed Psyche
  8852 | D:8      | Killed Psyche
  8867 | D:8      | Reached * piety under Wu Jian
  8882 | D:8      | Reached skill level 10 in Shields
  8893 | D:8      | Reached XP level 11. HP: 60/87 MP: 11/11
  9283 | D:8      | Identified the +7 falchion of Wondrous Power {venom, rCorr
                  | Str+4 Int+3 Dex-4}
  9854 | D:8      | Reached skill level 10 in Staves
 10222 | D:9      | Found a staircase to the Lair.
 10271 | D:9      | Reached ** piety under Wu Jian
 10283 | D:9      | Noticed a manticore
 10295 | D:9      | Killed a manticore
 10484 | D:9      | Found a staircase to the Orcish Mines.
 11205 | D:10     | Entered Level 10 of the Dungeon
 11372 | D:10     | Reached *** piety under Wu Jian
 11555 | D:10     | Noticed a two-headed ogre
 11559 | D:10     | Killed a two-headed ogre
 11560 | D:10     | Reached XP level 12. HP: 84/96 MP: 12/12
 11583 | D:10     | Identified a scroll of acquirement
 11584 | D:10     | Acquired the +7 lajatang "Puonnau" {flame, rPois rF- rN+++
                  | Will+}
 11704 | D:10     | Found a runed translucent door.
 11704 | D:10     | Noticed a centaur warrior
 11705 | D:10     | Noticed an eight-headed hydra
 11710 | D:10     | Killed a centaur warrior
 11794 | D:10     | Killed a three-headed hydra
 12003 | D:10     | Noticed a tengu warrior
 12012 | D:10     | Killed a tengu warrior
 12058 | D:10     | Reached skill level 10 in Fighting
 12058 | D:10     | Reached skill level 10 in Armour
 12060 | D:10     | Noticed a flayed ghost
 12060 | D:10     | Noticed a great orb of eyes
 12069 | D:10     | Killed a great orb of eyes
 12076 | D:10     | Killed a flayed ghost
 12412 | Lair:1   | Entered Level 1 of the Lair of Beasts
 13199 | Lair:2   | Found a staircase to the Snake Pit.
 13219 | Lair:2   | Reached XP level 13. HP: 82/104 MP: 13/13
 13717 | Lair:2   | Reached **** piety under Wu Jian
 14258 | Lair:3   | Noticed a five-headed hydra
 14259 | Lair:3   | Found a staircase to the Swamp.
 14270 | Lair:3   | Killed a one-headed hydra
 14591 | Lair:3   | Noticed an anaconda
 14622 | Lair:3   | Killed an anaconda
 14840 | Lair:3   | Noticed a dire elephant
 14865 | Lair:3   | Killed a dire elephant
 14890 | Lair:3   | Identified the ring of Uciggaof {+Blink rPois rN+ Will+
                  | SInv}
 15090 | Lair:3   | Reached XP level 14. HP: 107/114 MP: 14/14
 15130 | Lair:3   | Identified the +5 sling "Ykewysod" {freeze, rElec rPois
                  | Will- SInv}
 15575 | Lair:4   | Found a transporter.
 15611 | Lair:4   | Found a gate leading to a gauntlet.
 15646 | Gauntlet | Entered a Gauntlet
 15646 | Gauntlet | Found a transporter.
 15646 | Gauntlet | Found a transporter.
 15646 | Gauntlet | Found a transporter.
 15668 | Gauntlet | Found a transporter.
 15668 | Gauntlet | Found a transporter.
 15680 | Gauntlet | Found a transporter.
 15682 | Gauntlet | Found a transporter.
 15688 | Gauntlet | Noticed a quicksilver ooze
 15692 | Gauntlet | Found a transporter.
 15721 | Gauntlet | Found a transporter.
 15721 | Gauntlet | Found a transporter.
 15722 | Gauntlet | Found a transporter.
 15734 | Gauntlet | Found a transporter.
 15790 | Gauntlet | Identified the amulet of the Snail {Reflect Harm rElec SH+5
                  | Stlth+}
 15966 | Gauntlet | Killed a quicksilver ooze
 15970 | Gauntlet | Identified the +0 pair of boots of Filth {rElec rC+ Regen+}
 15996 | Gauntlet | Identified the +7 chain mail of Honesty {Str+2 Dex+4}
 15996 | Gauntlet | Noticed a minotaur
 16007 | Gauntlet | Killed a minotaur
 16024 | Gauntlet | Identified the +2 chain mail of Pathos {rPois rF++ Str-5}
 16116 | Lair:4   | Found a transporter.
 16377 | Lair:5   | Entered Level 5 of the Lair of Beasts
 16385 | Lair:5   | Noticed Urug
 16390 | Lair:5   | Killed Urug
 16391 | Lair:5   | Reached skill level 1 in Dodging
 16391 | Lair:5   | Reached ***** piety under Wu Jian
 16406 | Lair:5   | Reached skill level 15 in Staves
 16447 | Lair:5   | Found a staircase to the Slime Pits.
 16744 | Lair:5   | Noticed 1111's ghost (journeyman MiBe)
 16745 | Lair:5   | Found a transporter.
 16756 | Lair:5   | Found a transporter.
 16801 | Lair:5   | Reached skill level 15 in Shields
 16877 | Lair:5   | Reached XP level 15. HP: 112/122 MP: 15/15
 16988 | Lair:5   | Identified the +0 scale mail of the Planets {Str+3}
 17881 | D:11     | Noticed Harold
 17887 | D:11     | Killed Harold
 17887 | D:11     | Reached ****** piety under Wu Jian
 18299 | D:12     | Found a shimmering altar of Xom.
 18626 | D:12     | Noticed Kirke
 18640 | D:12     | Killed Kirke
 18713 | D:12     | Reached skill level 5 in Dodging
 18928 | D:12     | Noticed Maurice
 18940 | D:12     | Killed Maurice
 19429 | D:13     | Noticed Nessos
 19436 | D:13     | Killed Nessos
 19512 | D:13     | Found a runed translucent door.
 19512 | D:13     | Noticed tykejmi's ghost (journeyman HOFi)
 20001 | D:13     | Killed tykejmi's ghost
 20146 | D:14     | Found a gate to the Vaults.
 20205 | D:14     | Reached XP level 16. HP: 132/132 MP: 16/16
 20233 | D:14     | Identified the +1 robe of Sunlight {rN+}
 20731 | D:15     | Entered Level 15 of the Dungeon
 20925 | D:15     | Identified the +8 halberd of Oozing Pus {heavy, Int+2
                  | Dex+3}
 21313 | D:15     | Found a staircase to the Depths.
 21822 | Orc:1    | Entered Level 1 of the Orcish Mines
 22034 | Orc:1    | Found a runed translucent gate.
 22034 | Orc:1    | Found a runed translucent gate.
 22034 | Orc:1    | Found a runed translucent gate.
 22055 | Orc:1    | Noticed Panicmode's ghost (journeyman MiFi)
 22432 | Orc:1    | Identified the +3 demon whip "Huletz" {drain, rN+ Will+
                  | Int-4}
 22433 | Orc:1    | Found an iron altar of Okawaru.
 22463 | Orc:2    | Entered Level 2 of the Orcish Mines
 22557 | Orc:2    | Found Leff's Armour Shoppe.
 22566 | Orc:2    | Bought a +2 pair of boots of flying for 279 gold pieces
 22655 | Orc:2    | Found a staircase to the Elven Halls.
 22719 | Orc:2    | Found a shimmering blue altar of Sif Muna.
 22771 | Orc:2    | Found Ceqavvui's Book Shoppe.
 22771 | Orc:2    | Found Upsoedab's Antique Armour Shop.
 22772 | Orc:2    | Found Goanaube's Weapon Shop.
 22772 | Orc:2    | Found Voulean's Weapon Emporium.
 22789 | Orc:2    | Reached XP level 17. HP: 105/140 MP: 17/17
 22857 | Orc:2    | Reached skill level 15 in Fighting
 22945 | Orc:2    | Found a frozen archway.
 22976 | IceCv    | Entered an ice cave
 23678 | Orc:2    | Bought a manual of Staves for 1200 gold pieces
 23849 | Orc:2    | Found Meus's Antique Armour Boutique.
 23966 | Elf:1    | Entered Level 1 of the Elven Halls
 24629 | Elf:1    | Got the Essays on Sidekicks
 25033 | Elf:2    | Reached XP level 18. HP: 145/150 MP: 18/18
 25496 | Elf:2    | Found a huge runed translucent gate.
 25496 | Elf:2    | Found a huge runed translucent gate.
 25497 | Elf:2    | Found a huge runed translucent gate.
 25498 | Elf:2    | Found a huge runed translucent gate.
 25509 | Elf:2    | Found a huge runed translucent gate.
 26059 | Elf:3    | Entered Level 3 of the Elven Halls
 26136 | Elf:3    | Noticed Aizul
 26152 | Elf:3    | Killed Aizul
 26447 | Elf:3    | Noticed an Ice Fiend
 26495 | Elf:3    | Noticed a Hell Sentinel
 26501 | Elf:3    | Identified the +9 war axe of the Bruised Mice {vamp, Str+4
                  | Int+2}
 26501 | Elf:3    | Identified the ring of Departure {rF+ Will+}
 26502 | Elf:3    | Noticed a deep elf master archer
 26502 | Elf:3    | Noticed Asterion
 26503 | Elf:3    | Noticed a Brimstone Fiend
 26506 | Elf:3    | Identified the +9 short sword "Zum Xesa" {drain, rPois rF+
                  | Str+3}
 26507 | Elf:3    | Noticed an Executioner
 26510 | Elf:3    | Noticed a deep elf blademaster
 26565 | Elf:3    | Killed Asterion
 26571 | Elf:3    | Killed a deep elf blademaster
 26572 | Elf:3    | Reached XP level 19. HP: 40/149 MP: 19/19
 26754 | Elf:3    | Reached skill level 10 in Dodging
 26755 | Elf:3    | Noticed a deep elf blademaster
 26766 | Elf:3    | Killed a deep elf blademaster
 26768 | Elf:3    | Identified the +4 glaive "Z" {flame, rCorr}
 26789 | Elf:3    | Identified the +9 lajatang "Qethrungo" {speed, Will- Str+6}
 26873 | Elf:3    | Identified the +6 whip "Ykukkimp" {heavy, Int+2}
 26919 | Elf:3    | Got the Handbook of Transformation and the Salvo
 26937 | Elf:3    | Got the Incunable of the Voyage and the Arsonist
 27012 | Abyss:2  | Cast into level 2 of the Abyss (a deep elf sorcerer)
 27047 | Abyss:2  | Found a corrupted altar of Lugonu.
 27078 | Abyss:2  | Found a corrupted altar of Lugonu.
 27083 | Abyss:2  | Found a corrupted altar of Lugonu.
 27103 | Abyss:2  | Found a corrupted altar of Lugonu.
 27189 | Abyss:2  | Found a corrupted altar of Lugonu.
 27196 | Abyss:2  | Noticed a bone dragon
 27211 | Abyss:2  | Killed a bone dragon
 27217 | Elf:3    | Escaped the Abyss
 27338 | Elf:3    | Noticed Donald
 27352 | Elf:3    | Killed Donald
 27881 | Swamp:1  | Entered Level 1 of the Swamp
 28294 | Swamp:1  | Found a shimmering altar of Xom.
 28507 | Swamp:2  | Reached XP level 20. HP: 168/168 MP: 20/20
 29458 | Swamp:3  | Noticed Roxanne
 29469 | Swamp:3  | Killed Roxanne
 29636 | Swamp:4  | Entered Level 4 of the Swamp
 30615 | Swamp:4  | Got a decaying rune of Zot
 30913 | Snake:1  | Entered Level 1 of the Snake Pit
 30988 | Snake:1  | You are sucked into a shaft and drop 1 floor!
 31435 | Snake:1  | Found Oggeish's Magic Scroll Shoppe.
 31435 | Snake:1  | Found Ytworuu's Distillery.
 31492 | Snake:1  | Bought a potion of curing for 51 gold pieces
 31492 | Snake:1  | Bought a potion of ambrosia for 136 gold pieces
 31492 | Snake:1  | Bought a potion of might for 68 gold pieces
 31492 | Snake:1  | Bought a potion of cancellation for 136 gold pieces
 31492 | Snake:1  | Bought a potion of curing for 51 gold pieces
 31492 | Snake:1  | Bought a potion of ambrosia for 136 gold pieces
 31492 | Snake:1  | Bought a potion of might for 68 gold pieces
 31585 | Snake:1  | Reached XP level 21. HP: 163/165 MP: 21/21
 32176 | Snake:3  | Found Gaidgh's Book Shop.
 32636 | Snake:3  | Found Wucysaot's Assorted Antiques.
 32690 | Snake:3  | Bought a potion of heal wounds for 90 gold pieces
 32806 | Snake:3  | Found Uforphusm's Antique Weapon Shop.
 32865 | Snake:4  | Entered Level 4 of the Snake Pit
 33417 | Snake:4  | Found a large runed translucent door.
 33417 | Snake:4  | Found a large runed translucent door.
 33419 | Snake:4  | Noticed Heuqoc's ghost (adept TeFi)
 33503 | Snake:4  | Reached skill level 15 in Armour
 33633 | Snake:4  | Got a serpentine rune of Zot
 34140 | Vaults:1 | Entered Level 1 of the Vaults
 34318 | Vaults:1 | Reached XP level 22. HP: 171/186 MP: 22/22
 34784 | Vaults:1 | Noticed Zenata
 34790 | Vaults:1 | Killed Zenata
 35447 | Vaults:2 | Noticed Jory
 35453 | Vaults:2 | Killed Jory
 35561 | Vaults:2 | Identified the +0 pair of gloves of the Eleven Scars {Drain
                  | rPois rCorr MP+9}
 35798 | Vaults:2 | Found Hyil's Assorted Antiques.
 36148 | Vaults:2 | Found Haojuek's Antique Weapon Shoppe.
 36335 | Vaults:2 | Found Nufig's Distillery.
 36344 | Vaults:2 | Bought a potion of heal wounds for 100 gold pieces
 36344 | Vaults:2 | Bought a potion of heal wounds for 100 gold pieces
 36344 | Vaults:2 | Bought a potion of mutation for 160 gold pieces
 36371 | Vaults:2 | Found a staircase to the Crypt.
 36761 | Vaults:3 | You are sucked into a shaft and drop 1 floor!
 37270 | Vaults:4 | Reached XP level 23. HP: 187/194 MP: 23/23
 37732 | Vaults:3 | Identified the +9 dagger "Dragon's Regret" {antimagic,
                  | +Blink rF+}
 38398 | Vaults:3 | Found Buskatof's Antique Armour Shop.
 40210 | Depths:1 | Entered Level 1 of the Depths
 40236 | Depths:1 | Found a gateway to Hell.
 40425 | Depths:1 | Found a one-way gateway to a ziggurat.
 40453 | Depths:1 | Reached XP level 24. HP: 176/204 MP: 23/23
 41204 | Depths:1 | Found a one-way gate to the infinite horrors of the Abyss.
 41687 | Depths:2 | Identified the +0 dagger of Difez {venom, Fragile Str+3}
 41847 | Depths:2 | Noticed Mara
 41855 | Depths:2 | Noticed Ivernyr's illusion
 41859 | Depths:2 | Killed Mara
 41966 | Depths:2 | Identified the +3 spear of Fate {elec, Fly Dex+3}
 42689 | Depths:2 | Found a one-way gate leading to the halls of Pandemonium.
 42723 | Depths:2 | Reached skill level 27 in Staves
 43362 | Depths:3 | Found an ancient bone altar of Kikubaaqudgha.
 43894 | Depths:3 | Reached XP level 25. HP: 186/214 MP: 23/23
 44135 | Depths:3 | Found a corrupted altar of Lugonu.
 44473 | Depths:4 | Entered Level 4 of the Depths
 44550 | Depths:4 | Found a portal to a secret trove of treasure.
 44559 | Depths:4 | You paid a toll of 18 potions of curing to enter a treasure
                  | trove
 44560 | Trove    | Entered a treasure trove
 44567 | Trove    | Identified the +5 plate armour "Araer" {Dex+3}
 44573 | Trove    | Identified the amulet "Suki" {RegenMP Dex+5}
 44575 | Trove    | Identified the +1 pair of gloves "Lerekhyck" {rN+ rCorr
                  | Str+3}
 44577 | Trove    | Identified the ring "Poshuokhirch" {rPois rCorr Int+4 Dex+5
                  | Stlth-}
 44579 | Trove    | Identified the amulet of Gozag's Generosity {Acrobat *Slow
                  | rC+ Will+ rCorr Int+2}
 44586 | Trove    | Identified the ring "Teite Jaitzo" {rPois rC+ Int-2 Dex+2}
 44865 | Depths:4 | Found an ornate altar of the Wu Jian Council.
 45271 | Depths:4 | Found a gate to the Realm of Zot.
 45697 | Vaults:5 | Entered Level 5 of the Vaults
 45745 | Vaults:5 | Reached XP level 26. HP: 98/225 MP: 23/23
 45779 | Vaults:5 | Identified the +9 great sword of a bailey {holy, Str+4
                  | Dex+3}
 46043 | Vaults:5 | Identified the +0 plate armour "Uggett" {*Corrode +Blink
                  | rF+++ Dex-4}
 46066 | Vaults:5 | Identified the ring "Araxupix" {rN+ rCorr Dex+3 Slay+2}
 46197 | Vaults:5 | Identified the +1 falchion "Killer Bee's Death" {freeze,
                  | rElec rF++ Dex-4 SInv}
 46571 | Vaults:5 | Identified the +8 quarterstaff of the Protecting Gods
                  | {freeze, rC+ Dex+5}
 46574 | Vaults:5 | Identified the +2 long sword of Laumeul {heavy, rElec rN+
                  | Int+2}
 46577 | Vaults:5 | Identified the +3 war axe of Guutoluj {flame, rPois rCorr
                  | MP+9}
 46604 | Vaults:5 | Got the Elucidation of Turbulence and Superposition
 46606 | Vaults:5 | Identified the +0 trident of Gloom {freeze, Contam rN+
                  | Will+}
 46607 | Vaults:5 | Identified the ring of Gahom {Ice Will- Str+2 Int+5 Dex+3}
 46801 | Vaults:5 | Got a silver rune of Zot
 47152 | Vaults:5 | Noticed an ancient lich
 47162 | Vaults:5 | Killed an ancient lich
 47175 | Vaults:5 | Found Qeocvuip's Assorted Antiques.
 47561 | Crypt:1  | Entered Level 1 of the Crypt
 47629 | Crypt:1  | Reached skill level 1 in Evocations
 47671 | Crypt:1  | Reached skill level 27 in Shields
 48406 | Crypt:2  | Reached XP level 27. HP: 173/235 MP: 23/23
 49108 | Crypt:3  | Entered Level 3 of the Crypt
 49229 | Crypt:3  | Noticed Saint Roka
 49231 | Crypt:3  | Reached skill level 5 in Evocations
 49237 | Crypt:3  | Killed Saint Roka
 50218 | Crypt:3  | Found a staircase to the Tomb.
 50618 | Crypt:3  | Noticed an ancient lich
 50618 | Crypt:3  | Noticed an ancient lich
 50619 | Crypt:3  | Noticed an ancient lich
 50631 | Crypt:3  | Killed an ancient lich
 50637 | Crypt:3  | Killed an ancient lich
 50647 | Crypt:3  | Killed an ancient lich
 50654 | Crypt:3  | Identified the +0 halberd of Sulphur {heavy, rPois Int+2
                  | Dex+3}
 51054 | Zot:1    | Entered Level 1 of the Realm of Zot
 51244 | Zot:1    | You are sucked into a shaft and drop 1 floor!
 53566 | Zot:3    | Noticed Vv
 53580 | Zot:3    | Killed Vv
 54587 | Zot:4    | Noticed a Killer Klown
 54587 | Zot:4    | Noticed a Killer Klown
 54607 | Zot:4    | Killed a Killer Klown
 54618 | Zot:4    | Killed a Killer Klown
 54631 | Zot:4    | Acquired a manual of Stealth
 54646 | Zot:4    | Noticed a Killer Klown
 54657 | Zot:4    | Killed a Killer Klown
 55459 | Zot:4    | Identified the +1 robe of the Spheres {Int-4 Dex+9 Slay-2}
 55941 | Slime:1  | Entered Level 1 of the Pits of Slime
 55985 | Slime:1  | Gained mutation: You are strong-willed. (Will+) [a shining
                  | eye]
 55987 | Slime:1  | Gained mutation: You are dopey. (Int -2) [a shining eye]
 55988 | Slime:1  | Gained mutation: Your magical capacity is low. (-10% MP) [a
                  | shining eye]
 56528 | Slime:3  | Gained mutation: You are highly strong-willed. (Will++) [a
                  | shining eye]
 56530 | Slime:3  | Gained mutation: Your magical capacity is very low. (-20%
                  | MP) [a shining eye]
 57034 | Slime:4  | Reached skill level 10 in Evocations
 57057 | Slime:4  | Gained mutation: Potions are less effective at restoring
                  | your health. [a shining eye]
 57441 | Slime:5  | Entered Level 5 of the Pits of Slime
 57520 | Slime:5  | Gained mutation: Armour fits poorly on your strangely
                  | shaped body. [a shining eye]
 57599 | Slime:5  | Reached skill level 1 in Stealth
 57682 | Slime:5  | Found a viscous altar of Jiyva.
 57795 | Slime:5  | Found the +11 Singing Sword {sonic wave}
 57832 | Slime:5  | Noticed the Royal Jelly
 57852 | Slime:5  | Killed the Royal Jelly
 58299 | Slime:5  | Identified the amulet "Xabouh" {RegenMP rC+}
 58302 | Slime:5  | Got a slimy rune of Zot
 58303 | Slime:5  | Identified the amulet of Kil Asad {Harm Regen+ rCorr Dex-4}
 58311 | Slime:5  | Identified the +7 rapier of Truth {pain, rPois rF+ Stlth+}
 58346 | Slime:5  | Identified the +0 leather armour "Puabubb" {Regen+}
 58358 | Slime:5  | Identified the ring "Gufoetas" {rF+ Will+ SInv}
 58404 | Slime:5  | Lost mutation: You are dopey. (Int -2) [potion of mutation]
 58404 | Slime:5  | Lost mutation: You are highly strong-willed. (Will++)
                  | [potion of mutation]
 58404 | Slime:5  | Lost mutation: Your magical capacity is very low. (-20% MP)
                  | [potion of mutation]
 58404 | Slime:5  | Gained mutation: You are somewhat resistant to further
                  | mutation. [potion of mutation]
 58405 | Slime:5  | Lost mutation: You are somewhat resistant to further
                  | mutation. [potion of mutation]
 58405 | Slime:5  | Lost mutation: Potions are less effective at restoring your
                  | health. [potion of mutation]
 58405 | Slime:5  | Lost mutation: Your magical capacity is low. (-10% MP)
                  | [potion of mutation]
 58405 | Slime:5  | Gained mutation: Your magical capacity is low. (-10% MP)
                  | [potion of mutation]
 58405 | Slime:5  | Gained mutation: You are resistant to electric shocks.
                  | (rElec) [potion of mutation]
 58405 | Slime:5  | Gained mutation: Your flesh is cold resistant. (rC+)
                  | [potion of mutation]
 58406 | Slime:5  | Lost mutation: Your magical capacity is low. (-10% MP)
                  | [potion of mutation]
 58406 | Slime:5  | Lost mutation: Armour fits poorly on your strangely shaped
                  | body. [potion of mutation]
 58406 | Slime:5  | Lost mutation: You are resistant to electric shocks.
                  | (rElec) [potion of mutation]
 58406 | Slime:5  | Gained mutation: Your body sometimes deteriorates upon
                  | taking damage. [potion of mutation]
 58406 | Slime:5  | Gained mutation: Your flesh is heat resistant. (rF+)
                  | [potion of mutation]
 58772 | Depths:1 | Voluntarily entered the Abyss.
 58772 | Abyss:2  | Found a corrupted altar of Lugonu.
 58789 | Abyss:2  | Found a corrupted altar of Lugonu.
 58958 | Abyss:3  | Found a corrupted altar of Lugonu.
 59014 | Abyss:3  | Reached skill level 5 in Stealth
 59021 | Abyss:3  | Reached skill level 15 in Dodging
 59191 | Abyss:3  | Gained mutation: You occasionally lose the ability to read
                  | scrolls when taking damage. [a cacodemon]
 59797 | Depths:1 | Escaped the Abyss
 60139 | Depths:1 | Voluntarily entered the Abyss.
 60139 | Abyss:3  | Found a corrupted altar of Lugonu.
 60245 | Abyss:3  | Found a corrupted altar of Lugonu.
 60264 | Abyss:3  | Found a corrupted altar of Lugonu.
 60494 | Abyss:3  | Reached skill level 10 in Stealth
 60692 | Abyss:3  | Found a corrupted altar of Lugonu.
 60697 | Depths:1 | Escaped the Abyss
 60913 | Depths:1 | Voluntarily entered the Abyss.
 61255 | Depths:1 | Escaped the Abyss
 61557 | Depths:1 | Voluntarily entered the Abyss.
 61781 | Abyss:3  | Found a corrupted altar of Lugonu.
 62363 | Abyss:3  | Got an abyssal rune of Zot
 62391 | Abyss:3  | Noticed a dread lich
 62395 | Abyss:3  | Killed a dread lich
 62429 | Depths:1 | Escaped the Abyss
 62470 | Hell     | Entered the Vestibule of Hell
 62470 | Hell     | Noticed Geryon
 62489 | Hell     | Killed Geryon
 62529 | Hell     | Found a gateway to the freezing wastes of Cocytus.
 62599 | Coc:1    | Entered Level 1 of Cocytus
 63360 | Coc:2    | You are sucked into a shaft and drop 1 floor!
 63414 | Coc:3    | Reached skill level 15 in Stealth
 63613 | Coc:4    | You are sucked into a shaft and drop 2 floors!
 63613 | Coc:6    | Noticed an ancient lich
 63640 | Coc:6    | Killed an ancient lich
 64134 | Coc:6    | You are sucked into a shaft and drop 1 floor!
 64134 | Coc:7    | Entered Level 7 of Cocytus
 64229 | Coc:7    | Noticed a shard shrike
 64331 | Coc:7    | Killed a shard shrike
 64542 | Coc:7    | Noticed a shard shrike
 64552 | Coc:7    | Killed a shard shrike
 64636 | Coc:7    | Noticed a shard shrike
 64647 | Coc:7    | Killed a shard shrike
 64658 | Coc:7    | Noticed a shard shrike
 64670 | Coc:7    | Killed a shard shrike
 65461 | Coc:7    | Noticed a shard shrike
 65468 | Coc:7    | Killed a shard shrike
 65469 | Coc:7    | Noticed a shard shrike
 65470 | Coc:7    | Noticed a shard shrike
 65470 | Coc:7    | Noticed a shard shrike
 65475 | Coc:7    | Killed a shard shrike
 65477 | Coc:7    | Killed a shard shrike
 65483 | Coc:7    | Killed a shard shrike
 65545 | Coc:7    | Noticed a shard shrike
 65550 | Coc:7    | Killed a shard shrike
 66643 | Coc:7    | Noticed Antaeus
 66683 | Coc:7    | Slain by Antaeus

Illustrated notes

Levels and vault maps discovered:
D:1:      psy_arrival_basics, layout_loops_corners,
          chequers_ecumenical_altar_island, minmay_pentomino_w4
D:2:      layout_loops_cross, serial_shops, shop, uniq_natasha
D:3:      layout_loops_ring
D:4:      layout_loops_corners, gup_sewer_entry_spiral, minmay_crossroads,
          uniq_blork_the_orc, uniq_duvessa
D:5:      layout_loops_ring, uniq_crazy_yiuf_cottage, uniq_pikel
D:6:      layout_basic, amcnicky_altar_gilded, temple_green,
          corexii_hall_statues_u, dreamdust_wishing_well, st_stairs_7,
          serial_bayou_pond_c, grunt_ministairs_10, hellmonk_bongcloud_opening,
          minmay_hollow_rounded_squares
D:7:      layout_loops_corners
D:8:      layout_basic, minmay_puff, uniq_psyche
D:9:      layout_loops_ring, due_lair_maze_entry_diamond, david_orc_1_choice,
          chequers_mini_garden, minmay_stone_trees_small, chequers_arboretum
D:10:     layout_rooms, minivault_13
D:11:     layout_rooms, uniq_harold
D:12:     layout_long_grid, tgw_xom, uniq_kirke, uniq_maurice
D:13:     layout_irregular_city, ebering_ghost_inner_flame, uniq_nessos
D:14:     layout_basic, david_vaults_2, minmay_misc_feat_tiny
D:15:     hangedman_depths_entry_try_elsewhere_first, layout_rooms,
          serial_curves, eino_curves_01, eino_curves_03, eino_curves_04,
          minmay_misc_feat_ornament, eino_house_with_fridge
Temple:   mainiacjoe_temple_starburst
Lair:1:   layout_misc_corridors, chequers_serial_rivers_room_b,
          minmay_lair_oklob_bushes
Lair:2:   layout_gridlike, minmay_snake_entry_guardpost_medium, special_room
          [special_room_bee], chequers_serial_rivers_micro_a, grunt_megastairs_2
Lair:3:   layout_gridlike, minmay_swamp_entry_reptiles,
          nicolae_lair_lakeside_cave
Lair:4:   gammafunk_cloud_chamber, layout_hall_layers, gauntlet_entry_generic,
          lemuel_fruit_tree
Lair:5:   minmay_lair_end_enchanted_forest, layout_loops_ring,
          dpeg_slime_entry_corner, serial_rivers,
          chequers_serial_rivers_large_a, chequers_serial_rivers_micro_b,
          chequers_serial_rivers_micro_e, chequers_serial_rivers_room_a,
          gammafunk_ghost_arena, grunt_megastairs_5, uniq_urug
Swamp:1:  layout_basic_swamp, basic_altar
Swamp:2:  layout_basic_swamp, evilmike_swamp_ruin_house_6,
          infiniplex_staircase_pool
Swamp:3:  nicolae_swamp_decorative_isthmus, layout_basic_swamp,
          evilmike_swamp_ruin_wall, swamp_pool3, grunt_hermit_hut, uniq_roxanne
Swamp:4:  swamp_basic_johnstein, layout_basic_swamp
Snake:1:  layout_basic, nicolae_snake_salamander_fort, minmay_shoptagon
Snake:2:  layout_rooms
Snake:3:  hangedman_cross_stitches, layout_onion_interference, serial_shops,
          shop, shop, shop, nicolae_snake_shapes
Snake:4:  minmay_snake_end_coiled, layout_rooms, ebering_ghost_disaster_area,
          grunt_ministairs_8, drop_trap, nicolae_snake_boneroom
Slime:1:  layout_caves
Slime:2:  layout_caves
Slime:3:  layout_caves, nicolae_slime_barrier,
          cheibrodos_slime_lost_civilization_5
Slime:4:  cheibrodos_slime_lost_civilization_3, layout_caves, special_room
          [special_room_jelly]
Slime:5
Orc:1:    layout_caves, gammafunk_ghost_fury_of_okawaru
Orc:2:    st_orc_ogre_mass, layout_diamond_mine,
          portal_ice_cave_entry_animals_and_master, serial_shops, shop, shop,
          led_sif_book
Elf:1:    elf_arrival_001, layout_gridlike, minmay_elf_demonology
Elf:2:    elven_hall_of_blades_hangedman_alternative
          [nicolae_blade_entry_crossed_weapons], layout_geoelf_grid,
          special_room [special_room_orc], serial_sigils,
          serial_sigils_hangedman_carve, serial_sigils_hangedman_shear,
          serial_sigils_hangedman_gnaw, serial_sigils_hangedman_quiver
Elf:3:    minmay_elf_hall_curves, layout_gridlike, uniq_donald, uniq_asterion,
          uniq_aizul
Vaults:1: nicolae_vaults_windows_and_doors_thing, st_more_cells,
          v_alt_pattern_3, nicolae_vaults_more_shelving_1,
          nicolae_vaults_apartment_2, nicolae_vaults_octothorpe,
          nicolae_vaults_trapezoid_1, layout_vaults_omnigrid, uniq_zenata
Vaults:2: vaults_room_door_hall, nicolae_vaults_tetromino_Z_2,
          nicolae_vaults_tetromino_Z_2, nicolae_vaults_ninety_degrees, v_misc_4,
          nicolae_vaults_circle_grid_b, minmay_crypt_entry_simple_sparse,
          serial_ice_g, nicolae_vaults_wine_cellar, grunt_vaults_twisty,
          nicolae_vaults_alarming, ontoclasm_vaults_gateway,
          hangedman_vaults_corner_blocks, layout_vaults_ring, serial_shops,
          nicolae_shop_tiny_real_fake_doors, shop,
          nicolae_shop_tiny_real_fake_doors, uniq_jory
Vaults:3: special_room_vaults [special_room_orc], v_misc_29,
          ontoclasm_vaults_idyll, nicolae_vaults_storage_closets_3,
          nicolae_vaults_little_squares_1, v_rooms_3, v_alt_pattern_1,
          hangedman_vaults_impose, nicolae_vaults_hallways_thing,
          hangedman_vaults_nails, grunt_vaults_focal, v_rooms_1, v_pattern_2,
          grunt_vaults_hallway_short, nicolae_vaults_storage_room_water,
          nicolae_vaults_trapezoid_layered, ontoclasm_vaults_decontamination,
          layout_vaults_maze_snakey, serial_shops, shop
Vaults:4: v_misc_18, vaults_dpeg_hooks, ontoclasm_vaults_ring_square,
          ontoclasm_vaults_ring_square, nicolae_vaults_yaktaur_gun_rack,
          v_misc_19, nicolae_vaults_heist, nicolae_vaults_closet_pinwheel_1,
          nicolae_vaults_closet_pinwheel_5, v_misc_28, nicolae_vaults_diamond_1,
          vaults_room_stairs_pillars, layout_vaults_omnicross
Vaults:5
Crypt:1:  layout_misc_corridors, grunt_crypt_arrival_split
Crypt:2:  layout_rooms, serial_glass, glass_columns_a, glass_columns_a,
          st_stairs_10
Crypt:3:  david_glass_crypt, layout_misc_corridors, tomb_entry_shell_bobbens,
          uniq_saint_roka
Depths:1: layout_gridville, enter_ziggurat_f, hell_entry, abyss_entry,
          nicolae_benzene_ring, kennysheep_opposing_triangles
Depths:2: minmay_swirls_squares, layout_cave_shapes, minmay_strange_pillars,
          pan_entry, hell_entry, chequers_big_river, onia_ninara_cookie,
          uniq_mara
Depths:3: evilmike_inaccessible_box, layout_cave_pools, grunt_mini_vestibule,
          grunt_pan_entry_spiral, nicolae_kikubaaqudgha_miasma_corner,
          abyss_entry_flame_altar, wad_rectangle_vault
Depths:4: evilmike_zot_entry_round, layout_cave_pools, roderic_lattice_a,
          enter_trove_0, serial_bayou, serial_bayou_pond_d,
          serial_bayou_lagoon_b, serial_bayou_pond_c, serial_bayou_crossing,
          hangedman_coc_ice_floe, nicolae_wu_jian_wuxing_cycle
Hell
Coc:1:    layout_ice_bergs
Coc:2:    layout_ice_bergs
Coc:3:    layout_ice_bergs
Coc:4:    layout_cocytus_water_paths
Coc:6:    nicolae_hells_demon_pit, layout_ice_bergs
Coc:7:    coc_old
Zot:1:    layout_basic
Zot:2:    layout_cellular_growth
Zot:3:    layout_twisted_circle, grunt_megastairs_1, uniq_vv
Zot:4:    circus_mu, layout_misc_corridors

Skill      XL: |  1  2  3  4  5  6  7  8  9 10 11 12 13 14 15 16 17 18 19 20 21 22 23 24 25 26 27 |
---------------+----------------------------------------------------------------------------------+-----
Staves         | 3 4 5 7 8 9 11 12 14 15 16 18 19 21 22 23 24 25 26 27 | 27.0
Fighting       | 4 5 6 7 8 9 10 11 12 13 14 15 16 17 18 19 20 21 22 23 26 | 26.6
Armour         | 4 5 6 7 8 9 10 11 12 13 14 15 16 17 18 19 20 24 | 24.5
Shields        | 5 6 7 8 10 11 12 13 15 16 17 18 19 20 21 22 23 24 25 27 | 27.0
Polearms       | 1 3 |  3.4
Dodging        | 3 5 7 8 9 10 19 | 19.1
Evocations     | 3 10 | 10.4
Stealth        | 17 | 17.4

Action                     |  1- 3 |  4- 6 |  7- 9 | 10-12 | 13-15 | 16-18 | 19-21 | 22-24 | 25-27 || total
---------------------------+-------+-------+-------+-------+-------+-------+-------+-------+-------++-------
  Melee: Quarterstaff      |   103 |   112 |   402 |       |       |       |       |       |       ||   617
         Halberd           |       |       |    40 |    23 |       |       |       |       |       ||    63
         Lajatang          |       |       |       |   630 |  1091 |  1298 |  1119 |  1439 |  3719 ||  9296
         Unarmed           |       |       |       |       |       |       |       |       |     4 ||     4
 Invoke: Serpent's Lash    |       |       |       |     1 |     4 |    10 |     8 |     2 |     9 ||    34
         Heavenly Storm    |       |       |       |       |       |       |     1 |       |     5 ||     6
Ability: Lunge             |       |       |       |    38 |    67 |   104 |   132 |   106 |   341 ||   788
         Dig               |       |       |       |     2 |       |     2 |     2 |     4 |     4 ||    14
         Whirlwind         |       |       |       |    32 |   173 |   199 |   163 |   317 |   583 ||  1467
         Wall Jump         |       |       |       |       |     1 |       |       |       |     1 ||     2
         Shaft Self        |       |       |       |       |       |       |       |     1 |     4 ||     5
    Use: Potion            |       |     2 |     2 |     2 |     1 |     4 |       |     1 |    10 ||    22
         Scroll            |       |       |       |     9 |     6 |     6 |     4 |       |    15 ||    40
   Stab: Distracted        |       |       |       |       |       |       |     3 |       |     4 ||     7
         Confused          |       |       |       |       |       |       |       |       |     1 ||     1
 Armour: Scale mail        |    50 |    51 |   182 |   149 |    32 |       |       |       |       ||   464
         Skin              |       |    11 |       |    13 |       |       |       |       |       ||    24
         Steam dragon scal |       |       |       |       |    37 |       |       |       |       ||    37
         Chain mail        |       |       |       |       |   114 |   231 |   137 |   161 |    51 ||   694
         Gold dragon scale |       |       |       |       |       |       |       |       |   345 ||   345
  Dodge: Dodged            |    49 |    22 |   147 |   136 |   151 |   178 |   129 |   181 |   438 ||  1431
  Block: Buckler           |    16 |     6 |       |       |       |       |       |       |       ||    22
         Kite shield       |       |    51 |   253 |   259 |   515 |   280 |       |       |       ||  1358
         Reflection        |       |       |       |       |    12 |    55 |   113 |    72 |    64 ||   316
         Tower shield      |       |       |       |       |       |   447 |   678 |   829 |  1794 ||  3748
